Map: 16-Bit LE

Players

MicroJackson

  • Race: Zerg Zerg
  • League: Master
  • Spawn Location: 1:00

Breezy - Winner!

  • Race: Protoss Protoss
  • League: Platinum
  • Spawn Location: 7:00

VOD

Have the link to the VOD?

Description

Time

  • Played on: July 10, 2018, 9:21 p.m.
  • Length: 11:36
Show
View Real Time Build Order
Export as new Build Order

MicroJackson Zerg 

Build Orders: Hatch First, Lurkers 

Get SALT Encoding   

  12  0:00  Drone  
  13  0:13  Overlord  
  13  0:18  Drone  
  14  0:31  Drone x2  
  16  0:38  Drone  
  17  0:55  Hatchery  
  16  0:58  Drone  
  16  1:02  Drone  
  18  1:11  Extractor  
  17  1:19  Spawning Pool  
  17  1:22  Drone  
  17  1:25  Drone  
  18  1:31  Drone  
  19  1:39  Overlord  
  19  1:50  Drone  
  20  2:07  Queen  
  20  2:08  Queen  
  22  2:09  Zergling x4  
  26  2:16  Metabolic Boost  
  26  2:21  Drone  
  27  2:24  Drone  
  27  2:26  Drone  
  29  2:45  Hatchery  
  28  2:55  Drone x4  
  32  3:02  Queen  
  33  3:40  Drone x3  
  33  3:41  Overlord  
  35  3:46  Overlord  
  35  3:58  Queen  
  35  3:59  Overlord  
  37  4:03  Drone x4  
  37  4:04  Drone x3  
  37  4:07  Overlord  
  45  4:10  Drone x3  
  45  4:13  Drone x3  
  50  4:17  Evolution Chamber, Overlord  
  50  4:22  Spore Crawler  
  50  4:23  Spore Crawler  
  47  4:24  Spore Crawler  
  46  4:34  Zergling x14  
  53  4:41  Overlord  
  53  4:51  Zerg Melee Weapons Level 1, Extractor  
  52  4:54  Drone x5  
  52  4:55  Baneling Nest  
  52  4:57  Drone  
  57  5:04  Overlord  
  57  5:05  Drone x3  
  57  5:06  Drone  
  60  5:22  Lair  
  60  5:25  Extractor  
  60  5:26  Drone  
  60  5:27  Drone x6  
  64  5:30  Drone x5  
  64  5:33  Drone  
  64  5:34  Drone  
  71  5:38  Drone  
  72  5:44  Extractor  
  71  5:51  Drone x4  
  71  5:52  Overlord  
  74  5:58  Drone x3  
  77  6:11  Hatchery, Extractor  
  76  6:13  Extractor  
  72  6:18  Zergling x2  
  72  6:19  Zergling x20  
  83  6:32  Zergling x4  
  85  6:34  Centrifical Hooks  
  85  6:38  Hydralisk Den  
  85  6:39  Zergling x6  
  88  6:40  Zergling x4  
  88  6:42  Overlord  
  88  6:45  Overlord x2  
  89  6:58  Zerg Melee Weapons Level 2  
  89  7:08  Muscular Augments  
  89  7:10  Hydralisk x12  
  89  7:15  Baneling x5  
  113  7:16  Baneling  
  113  7:29  Hydralisk  
  113  7:30  Hydralisk x2  
  113  7:36  Overlord  
  119  7:38  Spine Crawler  
  119  7:39  Overlord x2, Spine Crawler  
  117  7:45  Zergling x2  
  116  7:51  Hydralisk  
  116  7:52  Hydralisk  
  116  7:54  Overlord  
  116  7:58  Lurker Den  
  117  7:59  Overseer  
  117  8:00  Drone x9  
  117  8:01  Drone  
  127  8:18  Infestation Pit  
  126  8:21  Evolution Chamber, Grooved Spines  
  126  8:26  Hydralisk x7  
  126  8:27  Hydralisk  
  127  8:30  Spore Crawler  
  127  8:33  Spine Crawler  
  139  8:37  Zergling x4  
  139  8:38  Zergling x2  
  142  8:44  Zergling x4  
  142  8:45  Zergling x2, Drone x4  
  149  8:49  Zerg Ground Armor Level 1  
  149  8:52  Zergling x2  
  149  8:53  Zergling x2  
  151  8:55  Overlord  
  151  8:58  Overlord  
  151  9:05  Hive  
  151  9:11  Overlord  
  151  9:13  Overlord  
  151  9:14  Zergling x2  
  151  9:15  Zergling x2  
  152  9:26  Zergling x2  
  152  9:27  Zergling x26  
  154  9:33  Zergling x6  
  154  9:35  Baneling x4  
  157  9:38  Zerg Missile Weapons Level 1, Overlord  
  157  9:41  Extractor  
  157  9:42  Lurker x4, Extractor  
  157  9:43  Lurker x2  
  157  9:44  Zergling x2  
  162  9:46  Baneling x5  
  162  9:47  Baneling  
  162  9:48  Zergling x2  
  162  9:49  Zergling x2  
  162  9:50  Zergling x2  
  165  10:08  Spine Crawler, Spore Crawler  
  165  10:11  Drone x7  
  165  10:12  Drone  
  165  10:13  Zergling x2, Hatchery  
  170  10:19  Zergling x10  
  170  10:20  Zergling x2  
  175  10:24  Adaptive Talons  
  172  10:40  Lurker x5  
  178  10:49  Hydralisk x9  
  141  10:52  Zergling x10  
  141  10:53  Zergling x4  
  141  10:54  Zergling x2  
  141  10:56  Baneling x6  
  141  10:57  Baneling x2  
  148  10:59  Lurker x2  
  148  11:02  Zergling x4  
  152  11:08  Zergling x4  
  152  11:09  Zergling x2  
  152  11:10  Zergling x2  
Show
View Real Time Build Order
Export as new Build Order

Breezy Protoss - Winner!

Build Orders: 1 Gate Expand, Oracle Opening, Phoenix Opening 

Get SALT Encoding   

  12  0:00  Probe  
  13  0:13  Probe  
  14  0:18  Pylon  
  14  0:25  Probe  
  15  0:35  Probe  
  15  0:40  Gateway  
  16  0:43  Probe  
  16  0:49  Assimilator  
  17  0:51  Probe  
  18  1:03  Probe  
  19  1:15  Probe  
  20  1:30  Nexus  
  20  1:40  Cybernetics Core  
  20  1:46  Assimilator  
  20  1:48  Probe  
  21  1:58  Pylon  
  21  2:01  Probe  
  22  2:08  Adept  
  22  2:13  Probe  
  23  2:21  Stargate  
  25  2:25  Probe  
  26  2:30  Warp Gate  
  25  2:37  Probe  
  25  2:40  Adept  
  28  2:44  Probe  
  28  2:47  Probe  
  30  2:52  Probe  
  30  2:56  Probe  
  30  2:58  Phoenix  
  31  3:00  Probe  
  31  3:04  Probe  
  33  3:10  Probe  
  37  3:15  Pylon  
  37  3:18  Probe  
  38  3:23  Probe  
  39  3:30  Probe  
  40  3:34  Sentry  
  40  3:35  Probe  
  40  3:38  Gateway  
  40  3:40  Oracle  
  44  3:43  Probe  
  44  3:47  Probe  
  46  3:51  Assimilator  
  46  3:55  Assimilator, Probe  
  47  3:58  Twilight Council  
  47  3:59  Probe  
  48  4:07  Probe  
  49  4:11  Probe  
  49  4:15  Robotics Facility  
  50  4:18  Gateway  
  50  4:19  Probe  
  50  4:23  Probe  
  52  4:24  Pylon  
  52  4:25  Charge  
  52  4:33  Probe  
  52  4:35  Probe  
  54  4:45  Probe  
  55  4:47  Probe  
  55  4:49  Pylon  
  56  4:54  Pylon  
  56  4:57  Probe  
  56  4:59  Probe  
  58  5:00  Pylon  
  58  5:09  Probe  
  58  5:10  Nexus  
  58  5:11  Probe  
  58  5:12  Pylon  
  60  5:14  Pylon  
  57  5:22  Adept  
  57  5:23  Adept x2  
  63  5:30  Probe x2  
  63  5:35  Immortal  
  65  5:43  Nexus  
  65  5:46  Pylon  
  65  5:48  Gateway, Pylon  
  69  5:50  Gateway  
  69  5:56  Gateway  
  69  5:57  Forge  
  69  6:07  Adept x3, Shield Battery  
  75  6:17  Warp Prism  
  75  6:22  Probe x2  
  81  6:27  Protoss Ground Weapons Level 1  
  81  6:32  Templar Archives  
  79  6:36  Gateway x2  
  79  6:41  Probe x2  
  81  6:47  Zealot x3  
  81  6:53  Probe  
  88  7:07  Assimilator, Gateway, Pylon  
  88  7:08  Gateway  
  88  7:10  Assimilator  
  88  7:25  Zealot x5  
  88  7:26  Zealot  
  100  7:35  Probe x3  
  103  7:46  Gateway  
  103  7:47  Psionic Storm, Probe x2  
  103  7:48  Probe, Gateway  
  102  7:55  High Templar x2  
  102  7:56  High Templar x4  
  106  8:05  Gateway  
  106  8:07  Gateway, Archon x3  
  106  8:13  High Templar x3  
  106  8:14  High Templar  
  114  8:26  Nexus  
  114  8:27  Pylon  
  114  8:30  Pylon  
  114  8:40  Zealot x2, Immortal  
  114  8:41  Zealot x2  
  112  8:50  Gateway  
  112  8:51  Gateway  
  112  8:53  Gateway  
  116  8:57  Robotics Facility  
  116  8:58  Zealot x2, High Templar  
  116  8:59  High Templar  
  116  9:00  Zealot  
  116  9:01  Zealot x2  
  116  9:02  Zealot  
  130  9:15  Probe x2  
  132  9:18  Warp Prism  
  134  9:34  High Templar x3  
  140  9:40  Pylon, Immortal  
  140  9:41  Probe, Pylon  
  140  9:42  Probe x3  
  140  9:43  Pylon  
  140  9:44  Pylon  
  140  9:45  Immortal  
  144  9:51  Forge  
  152  10:00  Archon  
  152  10:02  Zealot, High Templar  
  152  10:03  High Templar x3  
  152  10:04  Zealot  
  164  10:08  Archon  
  164  10:24  Immortal  
  168  10:32  Zealot x3  
  168  10:33  Zealot x3  
  168  10:34  Zealot x4  
  129  10:51  Zealot x4  
  129  10:52  Zealot x3  
  139  11:06  Zealot x3  
  139  11:07  Zealot x2  
  118  11:27  Zealot x5  
Tags
 
Add a new tag
Caveats
  • Supply blocks, unpowered buildings, or Contaminate may cause inaccurate times.
  • Supply counts are checked every 10 seconds.